 Dungeon Crawl Stone Soup version 0.26-a0-259-g1effd001a9 (webtiles) character file.

Game seed: 6554354812564405439

442 vurker the Chiller (level 6, -2/50 HPs)
             Began as a Draconian Ice Elementalist on July 15, 2020.
             Slain by a nameless horror (4 damage)
             ... created by miscasting Summon Ice Beast
             ... on level 4 of the Dungeon.
             The game lasted 00:05:37 (4582 turns).

vurker the Chiller (Draconian Ice Elementalist)     Turns: 4582, Time: 00:05:38

Health: -2/50      AC:  6    Str: 10    XL:     6   Next: 71%
Magic:  0/12       EV: 12    Int: 17    God:
Gold:   233        SH:  4    Dex: 12    Spells: 1/13 levels left

rFire    . . .     SeeInvis +   f - +1 short sword (venom)
rCold    . . .     Faith    .   i - +0 buckler
rNeg     + . .     Spirit   .   (armour unavailable)
rPois    .         Reflect  .   (helmet restricted)
rElec    .         Harm     .   (no cloak)
rCorr    .                      (no gloves)
MR       .....                  (no boots)
Stlth    ++........             (no amulet)
HPRegen  0.16/turn              o - ring of see invisible
MPRegen  0.13/turn              r - ring of positive energy

@: very slightly contaminated
A: unfitting armour, cold-blooded, AC +6
a: no special abilities


You were on level 4 of the Dungeon.
You were not hungry.

You visited 1 branch of the dungeon, and saw 4 of its levels.

You collected 233 gold pieces.

Inventory:

Hand Weapons
 f - a +1 short sword of venom (weapon)
   (You took it off a kobold on level 2 of the Dungeon)
Armour
 i - a +0 buckler (worn)
   (You found it on level 2 of the Dungeon)
Jewellery
 o - a ring of see invisible (left hand)
   (You found it on level 3 of the Dungeon)
 r - a ring of positive energy (right hand)
   (You found it on level 4 of the Dungeon)
Wands
 g - a wand of polymorph (5)
   (You took it off Natasha on level 2 of the Dungeon)
 u - a wand of paralysis (9)
   (You found it on level 2 of the Dungeon)
Scrolls
 b - a scroll of teleportation {unknown}
 c - 8 scrolls of identify {unknown}
 d - a scroll of random uselessness {unknown}
 j - a scroll of magic mapping {unknown}
 k - 2 scrolls of enchant armour {unknown}
 n - a scroll of immolation {unknown}
Potions
 a - 2 potions of heal wounds {unknown}
 h - 2 potions of might {unknown}
 l - a potion of flight {unknown}
 m - a potion of mutation {unknown}
 p - a potion of curing {unknown}
 q - a potion of invisibility {unknown}
Comestibles
 e - 10 rations


   Skills:
 + Level 2.6 Fighting
 - Level 1.7 Dodging
 - Level 1.7 Stealth
 * Level 2.0 Shields
 * Level 4.1 Spellcasting
 * Level 1.5 Conjurations
 * Level 0.9 Summonings
 * Level 5.5 Ice Magic


You had one spell level left.
You knew the following spells:

 Your Spells              Type           Power        Failure   Level
a - Freeze                Ice            ###.         1%          1
b - Frozen Ramparts       Ice            ###...       6%          3
c - Hailstorm             Conj/Ice       ###.....     43%         4
d - Summon Ice Beast      Ice/Summ       ##......     45%         4

Your spell library contained the following spells:

 Spells                   Type           Power        Failure   Level
 Ozocubu's Armour         Chrm/Ice       ##......     19%         3


Dungeon Overview and Level Annotations

Branches:
Dungeon (4/15)
 Temple: D:4-7

Altars:
Sif Muna
Trog
Wu Jian


Innate Abilities, Weirdness & Mutations

Your plain brown scales are hard. (AC +6)
You cannot fit into any form of body armour.
You are cold-blooded and may be slowed by cold attacks.


Message History

There is an open door here.
You close the door.
You eat one of the 11 rations.
That ration really hit the spot!
A phantom opens the door.
The phantom blinks!
There is an open door here.
You close the door.
The phantom is too close now for your liking.
The spell is quite dangerous to cast (45% risk of failure)!
Continue anyway?
You miscast Summon Ice Beast.
You are very lightly contaminated with residual magic.
A fistful of eyes flickers past your view.
A nameless horror comes into view.
The phantom blinks!
You don't have enough magic to cast that spell.
You hit the nameless horror. The nameless horror hits you.
You completely miss the nameless horror.
The nameless horror hits you.
* * * LOW HITPOINT WARNING * * *
You feel your power leaking away.
A phantom opens the door.
The nameless horror hits you!
* * * LOW HITPOINT WARNING * * *
You block the phantom's attack. The phantom barely misses you.
The phantom hits you but does no damage.
The phantom blinks!
The phantom blinks!
The walls around you are covered in ice.
The wall freezes the nameless horror.
The nameless horror barely misses you.
The wall freezes the nameless horror.
The nameless horror barely misses you.
The wall freezes the nameless horror.
The wall freezes the nameless horror.
You barely miss the nameless horror.
You tail-slap the nameless horror, but do no damage.
The wall freezes the nameless horror.
The nameless horror closely misses you.
You hit the nameless horror but do no damage.
The wall freezes the nameless horror.
The nameless horror barely misses you.
You hit the nameless horror but do no damage.
You tail-slap the nameless horror.
The wall freezes the nameless horror.
The nameless horror hits you.
* * * LOW HITPOINT WARNING * * *
You feel your power leaking away.
You don't have enough magic to cast that spell.
You hit the nameless horror.
The frozen ramparts melt away.
The nameless horror hits you!
* * * LOW HITPOINT WARNING * * *
You hit the nameless horror but do no damage.
The nameless horror hits you.
You die...

......'............#.....+ ...#
................
.#...##....#.#..@................
.#......#.##.##.#X...............
.#.....####...####...............
##..#.##......÷..##....####.#####
##..#..####..)#'##.....####.#####
....'...#.##.##.#........)....§.#
....#......#.#..................#
.#........##[##....#...##..###..#
########...###..#########..# #


You could see a nameless horror.

Vanquished Creatures
  A nameless horror (D:4)
  A phantom (D:4)
  A bullfrog (D:3)
  A scorpion (D:4)
  A hound (D:4)
  Terence (D:2)
  Natasha (thrice) (D:2)
  2 worker ants (D:4)
  An adder (D:4)
  3 oozes
  An adder skeleton (D:4)
  A dart slug (D:3)
  A worm (D:2)
  A leopard gecko (D:2)
  4 orcs
  2 ball pythons
  4 bats
  A giant cockroach (D:1)
  5 goblins
  4 hobgoblins
  3 jackals (D:2)
  2 kobolds
  3 frilled lizards
  8 rats
55 creatures vanquished.

Notes
Turn   | Place    | Note
-------+----------+-------------------------------------------
     0 | D:1      | vurker the Draconian Ice Elementalist began the quest for
                  | the Orb.
     0 | D:1      | Reached XP level 1. HP: 14/14 MP: 3/3
   186 | D:1      | Reached XP level 2. HP: 15/22 MP: 3/5
  1020 | D:2      | Noticed Natasha
  1035 | D:2      | Killed Natasha
  1035 | D:2      | Reached skill level 1 in Fighting
  1035 | D:2      | Reached XP level 3. HP: 24/28 MP: 1/7
  1040 | D:2      | Learned a level 3 spell: Frozen Ramparts
  1111 | D:2      | Noticed Natasha
  1146 | D:2      | Killed Natasha
  1146 | D:2      | Reached XP level 4. HP: 19/35 MP: 4/8
  1564 | D:2      | Noticed Natasha
  1572 | D:2      | Killed Natasha
  1998 | D:2      | Noticed Terence
  2007 | D:2      | Killed Terence
  2007 | D:2      | Reached skill level 5 in Ice Magic
  2007 | D:2      | Reached XP level 5. HP: 37/41 MP: 3/10
  2283 | D:2      | Found an ornate altar of the Wu Jian Council.
  2284 | D:2      | Found a shimmering blue altar of Sif Muna.
  2741 | D:3      | Reached skill level 1 in Shields
  2999 | D:3      | Learned a level 4 spell: Hailstorm
  3453 | D:4      | Reached XP level 6. HP: 17/50 MP: 5/11
  3763 | D:3      | Learned a level 4 spell: Summon Ice Beast
  4203 | D:4      | Reached skill level 1 in Conjurations
  4490 | D:4      | Noticed a nameless horror
  4499 | D:4      | Killed a nameless horror
  4514 | D:4      | Found a bloodstained altar of Trog.
  4548 | D:4      | Noticed a nameless horror
  4581 | D:4      | HP: 2/50 [nameless horror[miscasting Summon Ice Beast]
                  | (13)]
  4582 | D:4      | Slain by a nameless horror

Illustrated notes

Levels and vault maps discovered:
D:1:      lightli_arrival_statuegarden, layout_basic
D:2:      layout_basic, gammafunk_temple_overflow_statue, minmay_tetromino_s4,
          uniq_terence, uniq_natasha
D:3:      layout_basic
D:4:      layout_gridville, bloody_trog, minmay_fractal_squares_gapless_5

Skill      XL: |  1  2  3  4  5  6 |
---------------+-------------------+-----
Fighting       | 1 2 |  2.6
Spellcasting   | 3 4 |  4.1
Ice Magic      | 5 |  5.5
Shields        | 1 2 |  2.0
Conjurations   | 1 |  1.5
Dodging        | |  1.7
Stealth        | |  1.7
Summonings     | |  0.9

Action                   |  1- 3 |  4- 6 || total
-------------------------+-------+-------++-------
Melee: Unarmed           |    14 |     3 ||    17
       Tailslap          |     1 |    16 ||    17
       Short sword       |       |   104 ||   104
 Cast: Freeze            |    16 |    38 ||    54
       Frozen Ramparts   |     1 |     6 ||     7
       Summon Ice Beast  |       |     1 ||     1
 Stab: Sleeping          |       |     2 ||     2
  Eat: Ration            |       |     4 ||     4
Armor: Skin              |     6 |    27 ||    33
Dodge: Dodged            |    15 |    70 ||    85
Block: Buckler           |       |    15 ||    15

Table legend:
 A = Non-vault XP
 B = Vault XP
 C = Vault XP percentage of total XP
 D = Non-vault monster count
 E = Vault monster count
 F = Vault count percentage of total count
                 A         B        C        D         E       F
            +---------+---------+-------+---------+---------+-------
      Total |     358 |     274 |  43.4 |      45 |       9 |  16.7
            +---------+---------+-------+---------+---------+-------
        D:1 |      27 |       0 |   0.0 |      10 |       0 |   0.0
        D:2 |      95 |      81 |  46.0 |      16 |       4 |  20.0
        D:3 |     114 |       0 |   0.0 |      15 |       0 |   0.0
        D:4 |     122 |     193 |  61.3 |       4 |       5 |  55.6
            +---------+---------+-------+---------+---------+-------
